 Dungeon Crawl Stone Soup version 0.26.0-16-gc1dbca0489 (webtiles) character file.

Game seed: 10226188417368742580

261 hatsuma the Sneak (level 6, -2/36 HPs)
             Began as a Kobold Brigand on Jan 20, 2021.
             Killed from afar by an orc wizard (6 damage)
             ... with a magic dart
             ... on level 4 of the Dungeon on Jan 21, 2021.
             The game lasted 00:22:05 (3435 turns).

hatsuma the Sneak (Kobold Brigand)                  Turns: 3435, Time: 00:22:07

Health: -2/36      AC:  4    Str:  8    XL:     6   Next: 42%
Magic:  6/6        EV: 18    Int: 13    God:
Gold:   180        SH:  0    Dex: 18    Spells: 5/5 levels left

rFire    . . .     SeeInvis .   a - +2 dagger
rCold    . . .     Faith    .   (shield restricted)
rNeg     . . .     Spirit   .   b - +0 robe
rPois    .         Reflect  .   (no helmet)
rElec    .         Harm     .   c - +0 cloak
rCorr    .         Rampage  .   n - +0 pair of gloves
Will     .....                  (no boots)
Stlth    ++++......             (no amulet)
HPRegen  0.12/turn              (no ring)
MPRegen  0.10/turn              (no ring)

@: no status effects
A: small, nightstalker 3
a: no special abilities


You were on level 4 of the Dungeon.
You visited 1 branch of the dungeon, and saw 4 of its levels.

You collected 180 gold pieces.

Inventory:

Hand Weapons
 a - a +2 dagger (weapon)
 i - a cursed +0 short sword
Missiles
 d - 28 poisoned darts (quivered)
 e - 2 curare-tipped darts
 j - 16 bolts
Armour
 b - a +0 robe (worn)
 c - a +0 cloak (worn)
 n - a +0 pair of gloves (worn)
 s - a scarf of repulsion
Jewellery
 o - an uncursed ring of protection from fire {unknown}
 q - a cursed -4 ring of strength {unknown}
Wands
 w - a wand of acid (12)
Scrolls
 f - 4 scrolls of teleportation
 h - a scroll of fear
 l - 2 scrolls of magic mapping
 p - 2 scrolls of immolation
 r - a scroll of noise {unknown}
 u - a scroll of enchant weapon {unknown}
 v - a scroll of enchant armour {unknown}
 x - a scroll of random uselessness {unknown}
Potions
 g - 6 potions of heal wounds
 k - 4 potions of curing
 m - 2 potions of flight
 t - a potion of might {unknown}
 z - a potion of mutation {unknown}


   Skills:
 - Level 2.7 Fighting
 + Level 5.0 Short Blades
 - Level 2.1 Throwing
 - Level 5.0 Dodging
 - Level 6.3 Stealth


You had 5 spell levels left.
You didn't know any spells.
Your spell library was empty.

Dungeon Overview and Level Annotations

Branches:
Dungeon (4/15)
 Temple: D:4-7

Altars:
Ashenzari
Kikubaaqudgha
Makhleb
Uskayaw
Zin
The Shining One


Innate Abilities, Weirdness & Mutations

You are small and have problems with some larger weapons.
You are completely attuned to the shadows.


Message History

The orc wizard blinks!
There is an escape hatch in the floor here.
Throw: 30 darts (poison)
Press: ? - help, Q - select action, (/) - cycle Shift-Dir - straight line, f - orc wizard
Aim: an orc wizard, wielding a +0 dagger and wearing a +0 robe (moderately wounded, fast)
You throw a poisoned dart. The poisoned dart hits the orc wizard.
The orc wizard is poisoned.
The orc wizard is moderately wounded.
Throw: 29 darts (poison)
Press: ? - help, Q - select action, (/) - cycle Shift-Dir - straight line, f/p - orc wizard
Aim: an orc wizard, wielding a +0 dagger and wearing a +0 robe (moderately wounded, fast, poisoned)
You throw a poisoned dart. The poisoned dart hits the orc wizard!
The orc wizard looks even sicker.
The orc wizard is moderately wounded.
The orc wizard casts a spell at you. The magic dart hits you!
* * * LOW HITPOINT WARNING * * *
The orc wizard gestures at you while chanting.
The magic dart hits you.
You die...

.....# ....(.# #..(.......# +#
#..........# .# #..........#
.############ #...o......#
.#..........#########..........#
............'...@..o)..........#
.#..........########(.....o....#
.#..........# #...........#
.#..........# #...........#
.#..........# #.....#.#'###
.#..........# ###.#<#.#.#
.##...####### #.#.#.#.# #####
#.#.#.#.# #.#.#.#.#


You could see an orc wizard (fast, very poisoned).

Vanquished Creatures
  An orc priest (D:3)
  An orc wizard (D:4)
  A worker ant (D:4)
  7 gnolls (D:2)
  3 adders (D:3)
  An ooze (D:2)
  An adder skeleton (D:4)
  2 dart slugs
  6 leopard geckos
  6 orcs
  6 bats
  5 giant cockroaches
  4 goblins
  6 hobgoblins
  2 jackals (D:1)
  2 quokkas (D:3)
  6 frilled lizards
  3 kobolds
  7 rats
70 creatures vanquished.

Notes
Turn   | Place    | Note
-------+----------+-------------------------------------------
     0 | D:1      | hatsuma the Kobold Brigand began the quest for the Orb.
     0 | D:1      | Reached XP level 1. HP: 12/12 MP: 1/1
   112 | D:1      | Reached XP level 2. HP: 17/17 MP: 2/2
   666 | D:1      | Reached XP level 3. HP: 17/21 MP: 3/3
  1005 | D:2      | Found a glowing silver altar of Zin.
  1005 | D:2      | Found a broken altar of Ashenzari.
  1005 | D:2      | Found a burning altar of Makhleb.
  1005 | D:2      | Found a hide-covered altar of Uskayaw.
  1005 | D:2      | Found an ancient bone altar of Kikubaaqudgha.
  1157 | D:2      | Reached XP level 4. HP: 26/26 MP: 4/4
  1196 | D:2      | Found a glowing golden altar of the Shining One.
  1238 | D:2      | Reached XP level 5. HP: 31/31 MP: 5/5
  1702 | D:3      | Found a faded altar of an unknown god.
  2333 | D:3      | Reached skill level 5 in Short Blades
  2877 | D:3      | Reached XP level 6. HP: 15/36 MP: 6/6
  2885 | D:3      | Reached skill level 5 in Dodging
  3428 | D:4      | Reached skill level 6 in Stealth
  3435 | D:4      | Killed from afar by an orc wizard

Illustrated notes

Levels and vault maps discovered:
D:1:      dpeg_arrival_more_subterranean_lakeside_camping, layout_basic
D:2:      layout_rooms, nicolae_overflow_hidden_temple, tso_altar
D:3:      layout_loops_cross, chequers_ecumenical_altar_simple_redux,
          minmay_vboxes
D:4:      layout_basic, serial_shops, nicolae_shop_trees,
          chequers_serial_rivers_large_b

Skill      XL: |  1  2  3  4  5  6 |
---------------+-------------------+-----
Short Blades   | 3 4 5 |  5.0
Dodging        | 3 4 5 |  5.0
Stealth        | 6 |  6.3
Fighting       | |  2.7
Throwing       | |  2.1

Action                   |  1- 3 |  4- 6 || total
-------------------------+-------+-------++-------
Melee: Dagger            |    86 |   115 ||   201
Throw: Dart              |       |     7 ||     7
Evoke: Wand              |       |     2 ||     2
  Use: Scroll            |     1 |     6 ||     7
 Stab: Sleeping          |    16 |    21 ||    37
Armor: Robe              |    14 |     9 ||    23
Dodge: Dodged            |    73 |    46 ||   119
